Map: Cyber Forest LE

Players

Patience

  • Race: Protoss Protoss
  • Spawn Location: 5:00

SpeCial - Winner!

  • Race: Terran Terran
  • Spawn Location: 11:00

Event: IEM Season 13: Katowice (2019)

VOD

Have the link to the VOD?

Description

Time

  • Played on: Feb. 28, 2019, 9:05 a.m.
  • Length: 7:43

All games in this series

Show
View Real Time Build Order
Export as new Build Order

Patience Protoss 

Build Orders: 1 Gate Expand, Oracle Opening, Blink Stalkers 

Get SALT Encoding   

  12  0:00  Probe  
  13  0:12  Probe  
  14  0:19  Pylon  
  14  0:22  Probe  
  15  0:33  Probe  
  15  0:38  Gateway  
  16  0:43  Probe  
  16  0:49  Assimilator  
  17  0:55  Probe  
  18  1:08  Probe  
  19  1:20  Probe  
  20  1:30  Nexus  
  20  1:36  Cybernetics Core  
  20  1:39  Probe  
  21  1:44  Assimilator  
  21  1:52  Probe  
  22  1:56  Pylon  
  22  2:04  Adept, Probe  
  25  2:15  Warp Gate  
  25  2:16  Probe  
  26  2:25  Adept, Stargate  
  26  2:28  Probe  
  28  2:40  Probe  
  28  2:43  Probe  
  30  2:52  Probe  
  33  3:01  Probe, Oracle  
  33  3:04  Probe  
  38  3:14  Probe  
  38  3:19  Probe  
  39  3:24  Twilight Council, Probe  
  38  3:31  Probe, Blink  
  38  3:34  Probe  
  39  3:37  Pylon  
  40  3:42  Probe x2  
  40  3:43  Gateway x2  
  42  3:49  Pylon  
  42  3:51  Probe  
  42  3:54  Probe  
  44  4:00  Probe  
  44  4:06  Probe  
  46  4:12  Probe  
  47  4:20  Adept, Pylon  
  47  4:21  Probe  
  47  4:23  Assimilator  
  50  4:24  Probe  
  51  4:31  Gateway x2  
  51  4:35  Probe  
  51  4:36  Probe  
  53  4:41  Stalker x2  
  53  4:43  Stalker  
  59  4:56  Nexus  
  59  4:59  Probe x2  
  61  5:11  Stalker x3  
  67  5:15  Probe  
  67  5:16  Probe  
  69  5:28  Probe  
  70  5:29  Shield Battery  
  70  5:31  Pylon  
  70  5:35  Pylon  
  70  5:39  Charge  
  70  5:40  Pylon  
  70  5:51  Stalker x2  
  70  5:52  Stalker x2  
  78  5:57  Stalker  
  78  6:15  Stalker x4  
  76  6:27  Stalker  
  71  6:38  Stalker x4  
  60  6:57  Stalker  
  60  7:01  Nexus, Stalker x3  
  60  7:02  Stalker  
  68  7:11  Probe x2  
  70  7:33  Stalker x5  
Show
View Real Time Build Order
Export as new Build Order

SpeCial Terran - Winner!

Build Orders: Cyclone Opening, Gas First Reaper Expand 

Get SALT Encoding   

  12  0:00  SCV  
  13  0:12  SCV  
  14  0:17  Supply Depot  
  14  0:24  SCV  
  14  0:27  Refinery  
  15  0:38  SCV  
  16  0:45  Barracks  
  16  0:50  SCV  
  17  1:02  SCV  
  18  1:15  SCV  
  19  1:32  Reaper, Orbital Command  
  20  1:46  Command Center  
  20  1:58  Factory  
  20  2:00  SCV  
  21  2:05  Barracks Tech Lab  
  21  2:12  SCV  
  21  2:15  Supply Depot  
  22  2:18  Refinery  
  22  2:24  SCV  
  23  2:35  Barracks Reactor  
  23  2:37  SCV  
  24  2:39  Barracks  
  24  2:49  Cyclone  
  28  2:51  SCV  
  28  2:57  Barracks  
  28  3:03  Orbital Command  
  28  3:08  SCV  
  29  3:15  Marine x2  
  30  3:20  SCV  
  31  3:27  Barracks Tech Lab  
  31  3:29  SCV  
  31  3:32  SCV  
  31  3:33  Marine x2  
  35  3:39  Siege Tank  
  38  3:41  SCV  
  38  3:46  Marine x2  
  38  3:48  Supply Depot  
  41  3:53  SCV  
  41  3:54  SCV  
  43  3:58  Combat Shield  
  43  4:02  Supply Depot  
  43  4:05  Marine x3  
  43  4:09  Marine  
  47  4:12  SCV x2  
  49  4:18  Siege Tank  
  49  4:23  Marine  
  49  4:24  Engineering Bay  
  53  4:26  SCV x2  
  53  4:29  Supply Depot  
  53  4:30  Marine x2  
  57  4:33  Marine  
  58  4:38  SCV x2  
  58  4:45  Supply Depot  
  60  4:47  Marine  
  60  4:48  Marine  
  60  4:51  Siege Tank, SCV, Marine x2  
  68  4:58  Missile Turret  
  68  5:02  SCV  
  68  5:03  SCV  
  68  5:06  Marine x2  
  72  5:08  Marine x2  
  72  5:10  Supply Depot  
  74  5:14  Missile Turret  
  74  5:15  SCV  
  75  5:21  SCV  
  75  5:24  Marine  
  75  5:26  Starport  
  75  5:27  Refinery, SCV  
  78  5:29  Factory Reactor  
  78  5:30  Stimpack  
  78  5:32  Marine  
  78  5:33  SCV  
  78  5:34  Marine  
  81  5:39  SCV  
  81  5:45  SCV  
  82  5:51  SCV, Marine x2  
  82  5:52  Marine x2  
  83  5:57  SCV, Supply Depot  
  83  6:11  Marine x2  
  85  6:19  Marauder  
  88  6:25  SCV  
  88  6:28  Supply Depot  
  88  6:29  Marine x2  
  88  6:30  Concussive Shells  
  87  6:37  Refinery, Medivac x2  
  91  6:40  Factory Reactor  
  91  6:46  Marauder x2  
  91  6:47  SCV, Marine x2  
  86  6:49  SCV  
  80  6:55  Bunker  
  75  7:04  Marine  
  75  7:05  Marine  
  75  7:07  Marauder, Medivac x2  
  75  7:08  Marauder  
  85  7:16  Widow Mine  
  85  7:22  Marine x2  

Tags
 
Add a new tag
Caveats
  • Supply blocks, unpowered buildings, or Contaminate may cause inaccurate times.
  • Supply counts are checked every 10 seconds.